Description

My build order for 3v3, mix timing attack and economic

Replay - Voracity (8)

Build Order

Get SALT Encoding   

  12  0:00  SCV  
  13  0:12  SCV  
  14  0:18  Supply Depot  
  14  0:25  SCV  
  15  0:40  SCV, Barracks  
  16  0:52  SCV  
  17  0:59  Barracks  
  17  1:04  SCV  
  17  1:05  Refinery  
  18  1:18  SCV  
  19  1:28  Marine  
  21  1:41  Orbital Command  
  20  1:48  Barracks Reactor  
  20  1:50  Marine  
  21  2:01  Command Center  
  21  2:08  Marine  
  22  2:16  Refinery, SCV  
  23  2:32  Barracks Tech Lab  
  23  2:38  Factory  
  23  2:57  Stimpack  
  23  3:05  Supply Depot  
  23  3:12  SCV, Marine x2  
  26  3:23  Marine  
  26  3:24  SCV  
  28  3:29  Supply Depot, Factory Tech Lab  
  28  3:30  Marine x2  
  30  3:36  Starport  
  31  3:41  Marine  
  31  3:48  Marine  
  35  3:57  Siege Tank  
  39  4:04  Supply Depot  
  39  4:09  Engineering Bay  
  42  4:24  Medivac  
  46  4:36  Combat Shield  
  48  4:43  Siege Tank  
  52  5:11  Missile Turret x2  
  54  5:19  Siege Tank  
  59  5:47  Medivac  
  61  6:33  Medivac  
  61  6:37  Siege Tank  
  61  6:38  Supply Depot  
  65  7:03  Medivac  
  60  7:19  Barracks  
Spawning Tool Build Advisor. Get it on Overwolf

Analysis

My build order for 3v3, mix timing attack and economic

Go to:

Details

  • Created by: ElninoPat
  • Published on: Jan 25, 2025
  • Modified on: Jan 25, 2025
  • Patch: 5.0.11
  • Difficulty: Easy
Show
View Real Time Build Order
Export as new Build Order

Comments (0)

There are no comments. Be the first!

Create an account to comment!